 Dungeon Crawl Stone Soup version 0.17.0-24-gcfadda4 (webtiles) character file.

2438 oplop the Changer (level 9, -3/69 HPs)
             Began as an Octopode Transmuter on Nov 15, 2015.
             Slain by a centaur (7 damage)
             ... on level 6 of the Dungeon.
             The game lasted 00:11:12 (6423 turns).

oplop the Changer (Octopode Transmuter)             Turns: 6423, Time: 00:11:12

Health: -3/69      AC: -13   Str: 12      XL:     9   Next: 49%
Magic:  16/16      EV: 11    Int: 14 (15) God:
Gold:   356        SH:  0    Dex: 12 (13) Spells: 4 memorised, 8 levels left

rFire  x . .     SeeInvis .       - Unarmed
rCold  + + +     Rnd*Rage +     (shield currently unavailable)
rNeg   . . .     SustAt   .     (helmet currently unavailable)
rPois  +         Gourm    +     g - amulet of the gourmand
rElec  .         Spirit   .     D - ring of invisibility
rCorr  .         Warding  .     (no ring)
rMut   .         Stasis   .     (no ring)
MR     .....                    (no ring)
Stlth  +.........               (no ring)
                                (no ring)
                                (no ring)
                                (no ring)

@: ice-form (expiring), corroded equipment, drained, not resistant to hostile
enchantments, very unstealthy
A: almost no armour, amphibious, 8 rings, (constrict 8), (molten scales 0),
(yellow scales 0), (camouflage 0), berserk 1, deterioration 1, sense
surroundings 1, (poison resistance), (electricity resistance), spit poison 1,
(gelatinous body 0), MP-powered wands
a: Spit Poison, End Transformation, Evoke Invisibility


You were on level 6 of the Dungeon.
You were not hungry.
You were a creature of crystalline ice.
You visited 1 branch of the dungeon, and saw 7 of its levels.

You collected 356 gold pieces.

Inventory:

Hand Weapons
 v - a +3 short sword of venom (melded)
Missiles
 a - 90 arrows
 d - 18 arrows of frost
Jewellery
 g - an amulet of the gourmand (around neck)
 D - a ring of invisibility (left front paw)
Wands
 p - a wand of flame (29)
Scrolls
 e - 2 scrolls of identify
 i - 3 scrolls of teleportation {unknown}
 l - 3 scrolls of fear {unknown}
 m - 2 scrolls of magic mapping {unknown}
 r - 2 scrolls of amnesia {unknown}
 w - 7 scrolls of remove curse
 A - a scroll of brand weapon {unknown}
Potions
 h - a potion of cancellation
 n - 4 potions of brilliance
 o - 2 potions of agility
 t - a potion of degeneration
 B - a potion of curing {unknown}
Books
 b - a book of Changes

   Spells                             Type                      Level
   a - Beastly Appendage              Transmutation                1
   b - Sticks to Snakes               Transmutation                2
   c - Spider Form                    Transmutation/Poison         3
   d - Ice Form                       Ice/Transmutation            4
   e - Blade Hands                    Transmutation                5
 y - a book of Enchantments

   Spells                             Type                      Level
   a - Cause Fear                     Hexes                        4
   b - Silence                        Hexes/Air                    5
   c - Deflect Missiles               Charms/Air                   6
   d - Haste                          Charms                       6
   e - Discord                        Hexes                        8
 z - a book of Burglary

   Spells                             Type                      Level
   a - Swiftness                      Charms/Air                   2
   b - Passwall                       Transmutation/Earth          3
   c - Passage of Golubria            Translocation                4
   d - Lee's Rapid Deconstruction     Earth                        5
   e - Darkness                       Hexes                        6
   f - Invisibility                   Hexes                        6
Comestibles
 c - 2 bread rations
 j - 3 meat rations
 C - 2 royal jellies


   Skills:
 - Level 4.2(4.0) Fighting
 + Level 4.0(3.7) Dodging
 - Level 3.0(2.8) Unarmed Combat
 + Level 5.0(4.8) Spellcasting
 + Level 7.5(7.3) Transmutations
 * Level 4.6(4.4) Ice Magic
 - Level 5.4(5.2) Poison Magic


You had 8 spell levels left.
You knew the following spells:

 Your Spells              Type           Power        Failure   Level  Hunger
a - Beastly Appendage     Trmt           ###...       1%          1    None
b - Sticks to Snakes      Trmt           ###.......   1%          2    ##.....
c - Spider Form           Trmt/Pois      ###.......   6%          3    ###....
d - Ice Form              Ice/Trmt       ###.....     17%         4    ####...


Dungeon Overview and Level Annotations

Branches:
Dungeon (7/15)             Temple (0/1) D:6

Altars:
Qazlal
Sif Muna

Annotations:
D:3 Poody's ghost, amateur MfGl
D:4 oplop's ghost, amateur OpTm
D:6 exclusion: ice beast


Innate Abilities, Weirdness & Mutations

You cannot wear most types of armour.
You are amphibious.
You can wear up to eight rings at the same time.
((You can use your tentacles to constrict eight enemies at once.))
((Your skin changes colour to match your surroundings (Stealth).))
((Your rubbery body absorbs attacks (AC +1).))
((You are partially covered in molten scales (AC +1).))
((You are partially covered in yellow scales (AC +2).))
You tend to lose your temper in combat.
Your body sometimes deteriorates upon taking damage.
You passively map a small area around you.
((Your system is resistant to poisons.))
((You are resistant to electric shocks.))
You can spit weak poison.
You expend magic power (3 MP) to strengthen your wands.


Message History

An adder and a centaur come into view.
The centaur hits you.
* * * LOW HITPOINT WARNING * * *
Found 8 gold pieces.
A crimson imp comes into view. It is wielding a mace.
There is a stone staircase leading down here.
Unknown command.
Unknown command.
Read which item? (? for menu, Esc to quit)
Okay, then.
The adder closely misses you. The orc hits you with a dagger.
* * * LOW HITPOINT WARNING * * *
The jelly hits you.
* * * LOW HITPOINT WARNING * * *
You are splashed with acid!
The acid burns!
* * * LOW HITPOINT WARNING * * *
The adder bites you.
* * * LOW HITPOINT WARNING * * *
The centaur hits you!
You die...

, .......## , ,
............!.<# ,,,, ,
.................#* ,,
.................#**, *
.5..........S.....# ,
...................#
....................##*
**#......S..........)..## ###
#...JY..Y..........## #.####
####co....###.......##
#....#### ####..## ####.....#
#.......#### .## #.###..
#..........# ** #*######.#####
##.........# ...............[.
#.........# #.....#...#.#...#.
#.........###......#.#...#.#..
#.........##....#...#.....#...


You could see an ice beast, a centaur, a jelly, a crimson imp (wandering), 2
adders and an orc.

Vanquished Creatures
  The ghost of oplop the Changer, a novice OpTm (D:7)
  Pikel (D:5)
  Eustachio (D:5)
  An orc warrior (D:6)
  A phantom (D:7)
  A centaur (D:5)
  3 giant frogs
  5 wights (D:7)
  5 crimson imps
  3 hounds
  Crazy Yiuf (D:5)
  An iguana (D:5)
  5 orc wizards (D:6)
  A centaur skeleton (D:6)
  A worker ant (D:4)
  A hound skeleton (D:7)
  Robin (D:2)
  4 adders
  A worker ant zombie (D:5)
  A shadow imp (D:7)
  An adder skeleton (D:4)
  A worm (D:2)
  5 giant geckos
  2 orcs
  A ball python (D:2)
  3 giant cockroaches
  11 goblins
  5 hobgoblins
  4 jackals (D:4)
  3 bats
  A giant gecko skeleton (D:5)
  4 giant newts
  5 kobolds
  5 quokkas
  6 rats
96 creatures vanquished.

Vanquished Creatures (collateral kills)
  The ghost of oplop the Changer, a novice OpTm (D:5)
  An orc priest (D:6)
  2 orcs (D:6)
4 creatures vanquished.

Vanquished Creatures (others)
  2 slaves (D:5)
  2 orc wizards (D:5)
  3 orcs (D:5)
7 creatures vanquished.

Grand Total: 107 creatures vanquished

Notes
Turn   | Place    | Note
--------------------------------------------------------------
     0 | D:1      | oplop the Octopode Transmuter began the quest for the Orb.
     0 | D:1      | Reached XP level 1. HP: 13/13 MP: 3/3
   375 | D:1      | Reached XP level 2. HP: 18/18 MP: 3/5
  1544 | D:2      | Reached XP level 3. HP: 17/24 MP: 4/6
  1641 | D:2      | Noticed Robin
  1689 | D:2      | Killed Robin
  2010 | D:3      | Reached XP level 4. HP: 24/29 MP: 4/7
  2287 | D:3      | Noticed Poody's ghost (amateur MfGl)
  2398 | D:3      | Noticed an ogre
  2412 | D:4      | Learned a level 2 spell: Sticks to Snakes
  2416 | D:4      | Learned a level 3 spell: Spider Form
  2473 | D:4      | Reached skill level 1 in Poison Magic
  2473 | D:4      | Reached XP level 5. HP: 26/35 MP: 6/8
  2830 | D:4      | Noticed a giant frog
  2830 | D:4      | Noticed oplop's ghost (amateur OpTm)
  2845 | D:4      | Killed a giant frog
  2845 | D:4      | Reached skill level 4 in Transmutations
  3129 | D:4      | Reached XP level 6. HP: 36/42 MP: 8/10
  3466 | D:5      | Entered Level 5 of the Dungeon
  3468 | D:5      | Noticed Eustachio
  3484 | D:5      | Killed Eustachio
  3716 | D:5      | Noticed Pikel
  3746 | D:5      | Killed Pikel
  3746 | D:5      | Reached skill level 5 in Transmutations
  3746 | D:5      | Reached XP level 7. HP: 6/48 MP: 5/12
  3947 | D:5      | Noticed oplop's ghost (novice OpTm)
  3956 | D:5      | Killed oplop's ghost
  3956 | D:5      | Reached XP level 8. HP: 45/54 MP: 8/13
  3991 | D:5      | Reached skill level 5 in Poison Magic
  4285 | D:5      | Noticed Crazy Yiuf
  4300 | D:5      | Killed Crazy Yiuf
  4356 | D:5      | Reached skill level 6 in Transmutations
  4746 | D:5      | Learned a level 4 spell: Ice Form
  4818 | D:6      | Reached skill level 1 in Ice Magic
  4997 | D:6      | Gained mutation: You are frail (-10% HP). [potion of mutation]
  4997 | D:6      | Gained mutation: You passively map a small area around you. [potion of mutation]
  4997 | D:6      | Gained mutation: Your system is resistant to poisons. [potion of mutation]
  4998 | D:6      | Gained mutation: You can spit weak poison. [potion of mutation]
  4998 | D:6      | Gained mutation: You tend to lose your temper in combat. [potion of mutation]
  4998 | D:6      | Gained mutation: You are partially covered in yellow scales (AC +2). [potion of mutation]
  4999 | D:6      | Gained mutation: You expend magic power (3 MP) to strengthen your wands. [potion of mutation]
  4999 | D:6      | Gained mutation: Your body sometimes deteriorates upon taking damage. [potion of mutation]
  4999 | D:6      | Gained mutation: You are partially covered in molten scales (AC +1). [potion of mutation]
  5000 | D:6      | Gained mutation: You are resistant to electric shocks. [potion of beneficial mutation]
  5001 | D:6      | Lost mutation: You are frail (-10% HP). [potion of beneficial mutation]
  5287 | D:6      | Found a deep blue altar of Sif Muna.
  5529 | D:6      | Reached skill level 7 in Transmutations
  5667 | D:6      | You fall through a shaft!
  5868 | D:7      | Found a stormy altar of Qazlal.
  5900 | D:7      | Noticed oplop's ghost (novice OpTm)
  5902 | D:7      | Reached XP level 9. HP: 51/58 MP: 15/15
  5925 | D:7      | Killed oplop's ghost
  6255 | D:7      | Reached skill level 5 in Spellcasting
  6423 | D:6      | Slain by a centaur

Action                   |  1- 3 |  4- 6 |  7- 9 || total
-------------------------+-------+-------+-------++-------
Melee: Unarmed           |    65 |    11 |   105 ||   181
       Whip              |    12 |       |       ||    12
       Short sword       |       |    59 |    58 ||   117
 Cast: Beastly Appendage |    13 |    16 |     3 ||    32
       Sticks to Snakes  |       |     2 |    10 ||    12
       Spider Form       |       |     1 |     7 ||     8
       Ice Form          |       |       |     4 ||     4
 Abil: Spit Poison       |       |       |     1 ||     1
  Use: Scroll            |     1 |       |    10 ||    11
       Potion            |       |       |     6 ||     6
 Stab: Sleeping          |     3 |     2 |     1 ||     6
       Distracted        |     1 |       |     2 ||     3
  Eat: Chunk             |     3 |     7 |     9 ||    19
       Beef jerky        |       |       |     3 ||     3
